 Dungeon Crawl Stone Soup version 0.21.1-1-g345015f (webtiles) character file.

92 vatarom the Ducker (level 4, -1/19 HPs)
             Began as a Felid Transmuter on Mar 26, 2018.
             Slain by an orc
             ... wielding a +0 dagger
              (6 damage)
             ... on level 4 of the Dungeon.
             The game lasted 00:07:52 (2886 turns).

vatarom the Ducker (Felid Transmuter)               Turns: 2886, Time: 00:07:54

Health: -1/19      AC:  1    Str:  5    XL:     4   Next: 35%
Magic:  3/8        EV: 19    Int: 16    God:
Gold:   159        SH:  0    Dex: 17    Spells: 2/8 levels left
                                        Lives:  0   Deaths: 1

rFire    . . .     SeeInvis +     - Unarmed
rCold    . . .     Gourm    .   (shield unavailable)
rNeg     . . .     Faith    .   (armour unavailable)
rPois    .         Spirit   .   (helmet unavailable)
rElec    .         Reflect  .   (cloak unavailable)
rCorr    .         Harm     .   (gloves unavailable)
MR       .....                  (boots unavailable)
Stlth    ++........             (no amulet)
HPRegen  0.06/turn              (no ring)
MPRegen  0.11/turn              (no ring)

@: appendage, very slightly contaminated, hasted, very quick
A: very small, no armour, no weapons or thrown items, stealth, claws 1, fangs 3,
horns 2, see invisible, carnivore, clever 1, speed 1, shaggy fur 1, slow
metabolism 1, weak 1, sharp paws
a: End Transformation


You were on level 4 of the Dungeon.
You were not hungry.
You had grown temporary horns.
You visited 1 branch of the dungeon, and saw 4 of its levels.

You collected 159 gold pieces.

Inventory:

Missiles
 a - 31 arrows
Wands
 h - a wand of digging (11)
Scrolls
 d - 2 scrolls of identify {unknown}
 e - 2 scrolls of enchant armour {unknown}
 f - 2 scrolls of amnesia {unknown}
 g - a scroll of magic mapping {unknown}
 j - 2 scrolls of teleportation {unknown}
Books
 b - a book of Changes

   Spells                             Type                      Level
   a - Beastly Appendage              Transmutation                1
   b - Sticks to Snakes               Transmutation                2
   c - Spider Form                    Transmutation/Poison         3
   d - Ice Form                       Ice/Transmutation            4
   e - Blade Hands                    Transmutation                5
Comestibles
 c - 3 rations


   Skills:
 + Level 2.0 Fighting
 * Level 4.3 Dodging
 * Level 4.1 Unarmed Combat
 + Level 2.6 Spellcasting
 + Level 3.0 Transmutations


You had 2 spell levels left.
You knew the following spells:

 Your Spells              Type           Power        Failure   Level  Hunger
a - Beastly Appendage     Tmut           ##....       5%          1    #......
b - Sticks to Snakes      Tmut           ##......     9%          2    ##.....
c - Spider Form           Tmut/Pois      #.........   30%         3    ###....


Dungeon Overview and Level Annotations

Branches:
Dungeon (4/15)
 Temple: D:4-7

Altars:
Qazlal

Annotations:
D:2 Sigmund, Terence
D:3 Kairos's ghost, amateur MfSk


Innate Abilities, Weirdness & Mutations

You cannot wear armour.
You are incapable of wielding weapons or throwing items.
Your paws allow you to move quietly. (Stealth)
You have sharp claws.
You have razor-sharp teeth.
You have supernaturally acute eyesight. (SInv)
You are carnivorous and can eat meat at any time.
You cover ground quickly.
You are covered in fur. (AC +1)
You have a slow metabolism.
Your sharp claws are effective at attacking unaware monsters.
You have a pair of horns on your head.
Your mind is acute. (Int +2)
You are weak. (Str -2)


Message History

You hit the adder.
You kill the adder!
Your transformation has ended.
You scratch the orc but do no damage. Your claw misses the orc.
The orc barely misses you.
You scratch the orc. You bite the orc, but do no damage.
The orc is heavily wounded.
The orc wizard gestures wildly while chanting.
The orc wizard seems to speed up.
The orc hits you with a dagger.
* * * LOW HITPOINT WARNING * * *
Casting: Spider Form
Confirm with . or Enter, or press ? or * to list all spells.
You grow a pair of large bovine horns.
The orc closely misses you.
Unknown command.
It was a potion of mutation.
You feel extremely strange.
You feel weaker.
You feel clever. The orc misses you.
It was a potion of haste.
You feel yourself speed up. The orc hits you with a dagger.
You die...

.................# ..
.....<.....###...+...
.. ...........# #..
#......
##.........##.#
....#..#
########.?..# #o.
#... #..).##.# ...#
##.....#


#So ##....##o# ##...)@# ##....# ##...# ##..# ##.. ##.. ### You could see an orc
wizard, an adder and an orc.

Vanquished Creatures
  2 gnolls (D:3)
  3 adders
  An ooze (D:1)
  2 dart slugs
  5 leopard geckos (D:2)
  6 orcs
  A ball python (D:1)
  9 hobgoblins
  A jackal (D:4)
  5 bats
  4 frilled lizards
  3 goblins
  8 kobolds
  4 rats
54 creatures vanquished.

Vanquished Creatures (collateral kills)
  An orc priest (D:3)
  2 gnolls (D:3)
  2 worms
  2 orcs (D:3)
  A goblin (D:1)
  A kobold (D:2)
  2 bats
11 creatures vanquished.

Vanquished Creatures (others)
  2 plants (D:3)
2 creatures vanquished.

Grand Total: 67 creatures vanquished

Notes
Turn   | Place    | Note
-------+----------+-------------------------------------------
     0 | D:1      | vatarom the Felid Transmuter began the quest for the Orb.
     0 | D:1      | Reached XP level 1. HP: 9/9 MP: 4/4
   175 | D:1      | Reached XP level 2. HP: 9/12 MP: 4/6
   181 | D:1      | Learned a level 2 spell: Sticks to Snakes
   704 | D:2      | Reached XP level 3. HP: 10/15 MP: 5/7
   750 | D:2      | Learned a level 3 spell: Spider Form
  1276 | D:2      | Found a stormy altar of Qazlal.
  1323 | D:2      | Noticed Terence
  1563 | D:2      | Noticed Sigmund
  1712 | D:3      | Reached XP level 4. HP: 19/19 MP: 6/8
  2498 | D:3      | Reached XP level 5. HP: 12/22 MP: 5/9
  2733 | D:3      | Slain by an orc priest
  2734 | D:3      | Reached XP level 4. HP: -1/19 MP: 5/8
  2835 | D:3      | Noticed Kairos's ghost (amateur MfSk)
  2844 | D:3      | Noticed an ogre
  2885 | D:4      | Gained mutation: You are weak. (Str -2) [potion of mutation]
  2885 | D:4      | Gained mutation: Your mind is acute. (Int +2) [potion of mutation]
  2886 | D:4      | Slain by an orc

Skill      XL: |  1  2  3  4  5 |
---------------+----------------+-----
Dodging        | 3 4 |  4.3
Fighting       | 2 |  2.0
Unarmed Combat | 4 |  4.1
Transmutations | 3 |  3.0
Spellcasting   | |  2.6

Action                   |  1- 3 |  4- 6 || total
-------------------------+-------+-------++-------
Melee: Unarmed           |    97 |    52 ||   149
       Headbutt          |     7 |     6 ||    13
       Bite              |     5 |     2 ||     7
       Punch             |     1 |       ||     1
 Cast: Beastly Appendage |    21 |     8 ||    29
       Sticks to Snakes  |    10 |    19 ||    29
       Spider Form       |       |     2 ||     2
  Use: Scroll            |     1 |       ||     1
       Potion            |       |     3 ||     3
 Stab: Sleeping          |     4 |       ||     4
  Eat: Chunk             |    10 |     2 ||    12
Armor: Skin              |     9 |     2 ||    11
Dodge: Dodged            |    97 |    39 ||   136
